 Dungeon Crawl Stone Soup version 0.25-a0-316-gd28d56f9c5 (webtiles) character file.

Game seed: 12232658374740200888, levelgen mode: classic

88 Borgoz the Slasher (level 4, -3/28 HPs)
             Began as a Gargoyle Berserker on Dec 24, 2019.
             Was a Believer of Trog.
             Slain by Sigmund
             ... wielding a +0 scythe
              (7 damage)
             ... on level 2 of the Dungeon.
             The game lasted 00:01:27 (1700 turns).

Borgoz the Slasher (Gargoyle Berserker)             Turns: 1700, Time: 00:01:27

Health: -3/28      AC:  9    Str: 21    XL:     4   Next: 53%
Magic:  4/4        EV: 11    Int:  7    God:    Trog [**....]
Gold:   92         SH:  0    Dex: 10    Spells: 3/3 levels left

rFire    . . .     SeeInvis .   a - +0 falchion
rCold    . . .     Gourm    .   (no shield)
rNeg     + . .     Faith    .   g - +0 ring mail {MR+}
rPois    ∞         Spirit   .   (no helmet)
rElec    +         Reflect  .   (no cloak)
rCorr    .         Harm     .   (no gloves)
MR       +....                  (no boots)
Stlth    ..........             (no amulet)
HPRegen  0.09/turn              (no ring)
MPRegen  0.09/turn              (no ring)

@: berserk cooldown, slowed, very slow
A: negative energy resistance 1, electricity resistance, unbreathing,
petrification resistance, rot immunity, AC +3
a: Berserk, Trog's Hand, Renounce Religion


You were on level 2 of the Dungeon.
You worshipped Trog.
Trog was pleased with you.
You were hungry.

You visited 1 branch of the dungeon, and saw 2 of its levels.

You collected 92 gold pieces.

Inventory:

Hand Weapons
 a - a +0 falchion (weapon)
Armour
 g - a +0 ring mail of magic resistance (worn)
Scrolls
 b - a scroll of enchant armour {unknown}
 d - a scroll of blinking {unknown}
 h - a scroll of identify {unknown}
 i - a scroll of magic mapping {unknown}
 j - a scroll of fear {unknown}
 n - a scroll of teleportation {unknown}
Potions
 e - a potion of curing {unknown}
 k - a potion of lignification {unknown}
 l - 2 potions of heal wounds {unknown}
 m - a potion of mutation {unknown}
Comestibles
 c - 5 rations
 f - 2 chunks of flesh


   Skills:
 - Level 3.2 Fighting
 * Level 3.6 Long Blades
 + Level 3.0 Armour
 * Level 2.6 Dodging


You had 3 spell levels left.
You didn't know any spells.
Your spell library was empty.

Dungeon Overview and Level Annotations

Branches:
Dungeon (2/15)

Altars:
Makhleb

Annotations:
D:2 Sigmund


Innate Abilities, Weirdness & Mutations

You are resistant to torment.
Your stone body is resilient. (AC +3)
You are immune to poison.
You resist negative energy. (rN+)
You are resistant to electric shocks. (rElec)
You can survive without breathing.
You are immune to petrification.
You are immune to rotting.


Message History

You slash something! Something hits you but does no damage.
You closely miss something. You closely miss something.
You hear some strange, mumbled words.
A magic dart appears from out of thin air!
The magic dart hits you!
You slash something! You miss something. Something hits you!
* * * LOW HITPOINT WARNING * * *
You miss something. You closely miss something.
You hear some strange, mumbled words.
A puff of flame appears from out of thin air!
The puff of flame hits you.
* * * LOW HITPOINT WARNING * * *
You barely miss something.
You are no longer berserk.
You are exhausted.
You feel yourself slow down. Something hits you!
You die...

#########.# ###
#.....@{..# #.. #
#.######### #.# #
#.# #.# # #.# #.# #
#.# #.# # #.# #.# #
#.#############.##
#
#.<.........##.#.##
#
####..........###.#
#


There were no monsters in sight!

Vanquished Creatures
  3 adders (D:2)
  An ooze (D:2)
  3 worms (D:2)
  A dart slug (D:2)
  An orc (D:2)
  2 bats (D:1)
  6 giant cockroaches
  4 goblins
  8 hobgoblins
  4 jackals (D:2)
  A frilled lizard (D:2)
  3 kobolds
  5 rats
42 creatures vanquished.

Notes
Turn   | Place    | Note
-------+----------+-------------------------------------------
     0 | D:1      | Borgoz the Gargoyle Berserker began the quest for the Orb.
     0 | D:1      | Reached XP level 1. HP: 14/14 MP: 1/1
   514 | D:1      | Reached XP level 2. HP: 14/19 MP: 2/2
   939 | D:2      | Found a burning altar of Makhleb.
   949 | D:2      | Reached XP level 3. HP: 23/23 MP: 3/3
  1214 | D:2      | Reached XP level 4. HP: 13/28 MP: 4/4
  1503 | D:2      | Reached ** piety under Trog
  1678 | D:2      | Noticed Sigmund
  1700 | D:2      | Slain by Sigmund

Levels and vault maps discovered:
D:1:      dpeg_arrival_prison, layout_rooms
D:2:      cheibrodos_old_hovel, layout_loops_ring, old_standard_altar,
          uniq_sigmund

Skill      XL: |  1  2  3  4 |
---------------+-------------+-----
Long Blades    | 3 |  3.6
Dodging        | 2 |  2.6
Armour         | 3 |  3.0
Fighting       | |  3.2

Action                   |  1- 3 |  4- 6 || total
-------------------------+-------+-------++-------
Melee: Falchion          |   119 |    75 ||   194
Invok: Berserk           |       |     1 ||     1
 Stab: Sleeping          |     1 |       ||     1
  Eat: Chunk             |     1 |     2 ||     3
Armor: Animal skin       |    13 |       ||    13
       Ring mail         |    43 |    27 ||    70
Dodge: Dodged            |    88 |    26 ||   114
       Rpst.: Falchion   |    28 |     8 ||    36

Table legend:
 A = Non-vault XP
 B = Vault XP
 C = Vault XP percentage of total XP
 D = Non-vault monster count
 E = Vault monster count
 F = Vault count percentage of total count
                 A         B        C        D         E       F
            +---------+---------+-------+---------+---------+-------
      Total |     117 |       9 |   7.1 |      37 |       5 |  11.9
            +---------+---------+-------+---------+---------+-------
        D:1 |      25 |       7 |  21.9 |      14 |       4 |  22.2
        D:2 |      92 |       2 |   2.1 |      23 |       1 |   4.2
            +---------+---------+-------+---------+---------+-------
